[Event "Titled Tuesday Blitz July 4 Late 2023"]
[White "Sainz Aguirre, Ignacio"]
[Black "Santos, Rafael Ventura Dos"]
[WhiteFideId "5101727"]
[BlackFideId "2122227"]
[WhiteElo "1949"]
[BlackElo "2270"]
[Result "0-1"]
[Round "5"]
[TimeControl "180+2"]
[Date "2023.07.04"]
[WhiteClock "0:00:48"]
[BlackClock "0:01:40"]
[Board "156"]

1. e4 c5 2. Nf3 g6 3. d4 cxd4 4. Qxd4 Nf6 5. e5 Nc6 6. Qa4 Nd5 7. Bb5 Nb6 8. Qf4 Bg7 9. O-O O-O 10. Nc3 a6 11. Bxc6 dxc6 12. Rd1 Qc7 13. Be3 Bf5 14. Rd2 Nd5 15. Nxd5 cxd5 16. c3 Be4 17. Bd4 f6 18. exf6 Qxf4 0-1


[Site "https://www.chess.com"]

[Event "Titled Tuesday Blitz July 4 Late 2023"]
[White "Lutz, Igor Oscar"]
[Black "Rodrigue-Lemieux, Shawn"]
[WhiteFideId "2110806"]
[BlackFideId "2620049"]
[WhiteElo "1977"]
[BlackElo "2917"]
[Result "0-1"]
[Round "5"]
[TimeControl "180+2"]
[Date "2023.07.04"]
[WhiteClock "0:00:00"]
[BlackClock "0:01:13"]
[Board "157"]

1. d4 a6 2. c4 b6 3. Nc3 c6 4. Bf4 d6 5. Nf3 e6 6. e4 f6 7. e5 g6 8. exd6 Bxd6 9. Bxd6 Qxd6 10. Be2 h6 11. Qd2 Nd7 12. Ne4 Qe7 13. a3 f5 14. Nc3 Ngf6 15. Ne5 Nxe5 16. dxe5 Nd7 17. Qe3 g5 18. Bh5+ Kd8 19. O-O-O Kc7 20. Bf3 Qc5 21. Qxc5 bxc5 22. Rhe1 Rb8 23. Rd6 Nxe5 24. Rxe6 Nd3+ 25. Kd2 Nxe1 26. Rxe1 Rxb2+ 27. Kc1 Rb3 28. Nb1 Rd8 29. Re7+ Rd7 30. Re6 Rd6 31. Re7+ Kb8 32. Re8 a5 33. Nd2 Rxa3 34. Nf1 Ra1+ 0-1


[Site "https://www.chess.com"]

[Event "Titled Tuesday Blitz July 4 Late 2023"]
[White "Alexikov, Alexander"]
[Black "Vila Dupla, Aurelio"]
[WhiteFideId "14103958"]
[BlackFideId "2203383"]
[WhiteElo "2278"]
[BlackElo "2151"]
[Result "0-1"]
[Round "5"]
[TimeControl "180+2"]
[Date "2023.07.04"]
[WhiteClock "0:00:00"]
[BlackClock "0:00:14"]
[Board "158"]

1. e4 c5 2. Nf3 d6 3. d4 cxd4 4. Nxd4 Nf6 5. Nc3 g6 6. Be3 Bg7 7. f3 O-O 8. Qd2 Nc6 9. O-O-O d5 10. Qe1 e5 11. Nxc6 bxc6 12. Bc4 Be6 13. Bb3 Re8 14. exd5 Nxd5 15. Ne4 Qc7 16. Nc5 Bf5 17. g4 Nxe3 18. Qxe3 Bc8 19. h3 Rb8 20. f4 Rf8 21. fxe5 Bxe5 22. Rhf1 a5 23. Rde1 Bg7 24. Rxf7 Rxf7 25. Qe8+ Bf8 26. Bc4 Be6 0-1


[Site "https://www.chess.com"]

[Event "Titled Tuesday Blitz July 4 Late 2023"]
[White "Biliy, Vadim"]
[Black "Oliveira, Tiago Batista"]
[WhiteFideId "14114127"]
[BlackFideId "2108291"]
[WhiteElo "2217"]
[BlackElo "2148"]
[Result "1-0"]
[Round "5"]
[TimeControl "180+2"]
[Date "2023.07.04"]
[WhiteClock "0:00:16"]
[BlackClock "0:00:00"]
[Board "159"]

1. d4 Nf6 2. Nf3 g6 3. e3 Bg7 4. Be2 O-O 5. O-O d5 6. b4 Ne4 7. Bb2 Nd7 8. Nbd2 Ndf6 9. c4 c6 10. b5 cxb5 11. cxb5 Qa5 12. Nb3 Qb6 13. a4 Bf5 14. a5 Qd8 15. Nh4 Bd7 16. Nc5 b6 17. Nxd7 Qxd7 18. Nf3 Rfc8 19. Ne5 Qf5 20. axb6 axb6 21. Nc6 Qd7 22. f3 Nd6 23. Qb3 e6 24. Ne5 Qb7 25. Ra6 Nfe8 26. Rfa1 Bxe5 27. dxe5 Nc4 28. Bd4 Rxa6 29. bxa6 Qc6 30. a7 Nc7 31. Bxc4 dxc4 32. Qxb6 Qxb6 33. Bxb6 Na8 34. Bd4 c3 35. Rc1 c2 36. Kf2 Kf8 37. Ke2 Ke7 38. Kd2 Kd7 39. Rxc2 Rxc2+ 40. Kxc2 Kc6 41. Kd3 Kb7 42. Ke4 Nc7 43. Kf4 Nd5+ 44. Kg5 Ne7 45. Kh6 Nc6 46. Kxh7 1-0


[Site "https://www.chess.com"]

[Event "Titled Tuesday Blitz July 4 Late 2023"]
[White "Thiel, Thomas"]
[Black "Cardenas Carbajal, Nilson"]
[WhiteFideId "4615964"]
[BlackFideId "8401128"]
[WhiteElo "2206"]
[BlackElo "2102"]
[Result "1/2-1/2"]
[Round "5"]
[TimeControl "180+2"]
[Date "2023.07.04"]
[WhiteClock "0:00:33"]
[BlackClock "0:00:22"]
[Board "160"]

1. e4 c5 2. Nc3 a6 3. Nge2 b5 4. g3 Bb7 5. Bg2 Nf6 6. d4 cxd4 7. Nxd4 Nc6 8. O-O e5 9. Nf5 d6 10. Bg5 h6 11. Bxf6 Qxf6 12. Nd5 Qd8 13. a4 g6 14. Nfe3 Bg7 15. Qe2 b4 16. Nc4 Nd4 17. Qd3 Bxd5 18. exd5 O-O 19. c3 Nb3 20. Rae1 Nc5 21. Qd2 bxc3 22. Qxc3 e4 23. Qa3 f5 24. a5 Nd3 25. Rd1 Qc7 26. b3 Rfd8 27. Nb6 Rab8 28. Rd2 Bd4 29. Rfd1 Bxb6 30. axb6 Qxb6 31. Bf1 Nxf2 32. Rxf2 e3 33. Re2 Rbc8 34. Kg2 g5 35. Rd3 f4 36. gxf4 gxf4 37. Qa4 Rf8 38. Qe4 f3+ 39. Kh3 fxe2 40. Qg6+ Kh8 41. Qxh6+ Kg8 42. Qg6+ Kh8 43. Qh6+ Kg8 44. Qg6+ Kh8 45. Qh6+ 1/2-1/2


[Site "https://www.chess.com"]

[Event "Titled Tuesday Blitz July 4 Late 2023"]
[White "Francisco_Ferrari"]
[Black "Fernandez Bustamante, Leancy B."]
[BlackFideId "3523870"]
[WhiteElo "2185"]
[BlackElo "2086"]
[Result "0-1"]
[Round "5"]
[TimeControl "180+2"]
[Date "2023.07.04"]
[WhiteClock "0:00:00"]
[BlackClock "0:00:24"]
[Board "161"]

1. e4 c5 2. Nf3 a6 3. c4 Nc6 4. d4 cxd4 5. Nxd4 Nxd4 6. Qxd4 d6 7. Nc3 Nf6 8. Be2 g6 9. O-O Bg7 10. Be3 O-O 11. Qd1 Be6 12. Rc1 Qa5 13. b3 Rfc8 14. f4 Ng4 15. Bd4 Bxd4+ 16. Qxd4 Nf6 17. f5 Bd7 18. fxg6 hxg6 19. Rxf6 exf6 20. Nd5 Be6 21. Ne7+ Kg7 22. Nxc8 Rxc8 23. Qxd6 Rd8 24. Qf4 Rd2 25. Rf1 Rxe2 26. Qxf6+ Kg8 27. h4 Qc5+ 28. Kh1 Qh5 29. Rd1 Kh7 30. Rd8 Re1+ 0-1


[Site "https://www.chess.com"]

[Event "Titled Tuesday Blitz July 4 Late 2023"]
[White "Horokoskii"]
[Black "Cueto, Jonny"]
[BlackFideId "3300145"]
[WhiteElo "2067"]
[BlackElo "2185"]
[Result "1-0"]
[Round "5"]
[TimeControl "180+2"]
[Date "2023.07.04"]
[WhiteClock "0:00:23"]
[BlackClock "0:00:03"]
[Board "162"]

1. d4 e6 2. c4 Nf6 3. Nc3 Bb4 4. e3 b6 5. Ne2 Bb7 6. f3 d5 7. a3 Bd6 8. cxd5 exd5 9. Ng3 Qd7 10. Bd3 O-O 11. Nf5 Re8 12. Nxd6 Qxd6 13. O-O c5 14. Nb5 Qd7 15. dxc5 bxc5 16. Nc3 Nc6 17. e4 dxe4 18. Nxe4 Nxe4 19. Bxe4 Rad8 20. Qxd7 Rxd7 21. Bf4 g6 22. Rfd1 Rxd1+ 23. Rxd1 Nd4 24. Bxb7 Ne2+ 25. Kf2 Nxf4 26. g3 Re2+ 27. Kf1 Rxb2 28. Bd5 Nh3 29. Rc1 Rf2+ 30. Ke1 Rxh2 31. Rxc5 Rh1+ 32. Ke2 Ng5 33. Ra5 Rg1 34. g4 Rg2+ 35. Ke3 Rg1 36. Rxa7 Re1+ 37. Kf2 Ra1 38. f4 Nh3+ 39. Kg3 Ng1 40. Bxf7+ Kf8 41. Bd5 Ne2+ 42. Kf3 Nc3 43. Bc6 Rc1 44. a4 Nd1 45. Bb5 Rc3+ 46. Ke4 Re3+ 47. Kd4 Ra3 48. Rxh7 Nb2 49. Ke5 Re3+ 50. Kf6 Rf3 51. Rh8# 1-0


[Site "https://www.chess.com"]

[Event "Titled Tuesday Blitz July 4 Late 2023"]
[White "Tqebuchava, Zurab"]
[Black "Ferriz Barrios, Andres"]
[WhiteFideId "13601113"]
[BlackFideId "5104467"]
[WhiteElo "2062"]
[BlackElo "2175"]
[Result "0-1"]
[Round "5"]
[TimeControl "180+2"]
[Date "2023.07.04"]
[WhiteClock "0:00:00"]
[BlackClock "0:01:30"]
[Board "163"]

1. e4 e5 2. Nf3 Nc6 3. Bb5 Bc5 4. O-O Qe7 5. c3 a6 6. Be2 Nf6 7. d4 exd4 8. cxd4 Ba7 9. d5 Ne5 10. Nxe5 Qxe5 11. Bf3 O-O 12. Nc3 d6 13. Qd3 Re8 14. h3 Nh5 15. Bxh5 Qxh5 16. Be3 f5 17. Bxa7 Rxa7 18. exf5 Qxf5 19. Qxf5 Bxf5 20. Rfe1 Raa8 21. Rac1 Bd7 22. Ne4 Rac8 23. Re3 Bf5 24. Rce1 Re5 25. Nc3 Rxe3 26. Rxe3 Kf7 27. Kf1 Re8 28. Rxe8 Kxe8 29. Ke2 b5 30. a3 Kd7 31. Ke3 g5 32. Kd4 h6 33. Nd1 Bg6 34. b4 Ke7 35. Ne3 h5 36. g3 Kf6 37. h4 gxh4 38. gxh4 Bb1 39. f4 Bf5 40. Nxf5 Kxf5 41. Ke3 Kg4 42. Ke4 Kxh4 43. Kf5 Kg3 44. Kg5 h4 45. f5 h3 46. f6 h2 47. f7 h1=Q 48. f8=Q Qxd5+ 49. Kh6 Qd2+ 50. Kh7 Qh2+ 51. Kg7 Qb2+ 52. Kh7 Qxa3 53. Qg7+ Kf2 54. Qxc7 Qxb4 55. Qf7+ Ke3 56. Qa7+ Qc5 57. Qxa6 Kd4 58. Qa1+ Kd5 59. Qh1+ Kc4 60. Qc1+ Kb4 61. Qb2+ Ka5 62. Qa2+ Kb6 63. Qe6 Qe5 64. Qc8 Qd5 65. Qb8+ Qb7+ 0-1


[Site "https://www.chess.com"]

[Event "Titled Tuesday Blitz July 4 Late 2023"]
[White "Phillips, Rene"]
[Black "Djordjevic, Dejan N"]
[WhiteFideId "2056275"]
[BlackFideId "913316"]
[WhiteElo "2019"]
[BlackElo "2165"]
[Result "0-1"]
[Round "5"]
[TimeControl "180+2"]
[Date "2023.07.04"]
[WhiteClock "0:00:00"]
[BlackClock "0:00:02"]
[Board "164"]

1. d4 Nf6 2. Bf4 d6 3. e3 g6 4. Nf3 Bg7 5. h3 O-O 6. Bc4 a6 7. a4 b6 8. Qe2 Bb7 9. O-O Nbd7 10. Nbd2 c5 11. c3 Qc8 12. Rfd1 Nd5 13. Bh2 Nc7 14. Ba2 b5 15. axb5 axb5 16. Bb3 Bc6 17. Bg3 Qb7 18. Bc2 Rfe8 19. Qf1 Nb6 20. dxc5 dxc5 21. Ne5 Bd5 22. e4 Be6 23. Bb3 c4 24. Bc2 Na6 25. Ndf3 Nc5 26. Qe2 Rxa1 27. Rxa1 Nba4 28. Rb1 h5 29. Ng5 Nb6 30. Nxe6 Nxe6 31. Qf3 Rf8 32. Rd1 Na4 33. Bb1 Nxb2 34. Rd2 Na4 35. Rd7 Qb6 36. Rd1 Qc5 37. Nd7 Qa3 38. Nxf8 Bxf8 39. Bc2 Qxc3 40. Bxa4 Qxf3 41. gxf3 bxa4 42. Ra1 Nc5 43. Bf4 Bg7 44. Be3 Bxa1 45. Bxc5 c3 46. Ba3 Bb2 47. Bb4 c2 48. Bxe7 c1=Q+ 0-1


[Site "https://www.chess.com"]

[Event "Titled Tuesday Blitz July 4 Late 2023"]
[White "Hartikainen, Jarmo"]
[Black "Porat, Tori"]
[WhiteFideId "503134"]
[BlackFideId "30982626"]
[WhiteElo "2159"]
[BlackElo "1993"]
[Result "1-0"]
[Round "5"]
[TimeControl "180+2"]
[Date "2023.07.04"]
[WhiteClock "0:00:16"]
[BlackClock "0:00:04"]
[Board "165"]

1. e4 c5 2. c3 d5 3. exd5 Qxd5 4. d4 e6 5. Nf3 Nc6 6. Na3 a6 7. Nc4 Qd8 8. dxc5 Qxd1+ 9. Kxd1 Bxc5 10. Be3 Bxe3 11. Nxe3 Nf6 12. Bd3 O-O 13. Ke2 b5 14. Rhd1 Bb7 15. Bc2 Rfd8 16. Rxd8+ Rxd8 17. Rd1 Rxd1 18. Kxd1 h6 19. h3 Kf8 20. a4 b4 21. Ke2 Ke7 22. g4 g5 23. Nd4 bxc3 24. Nxc6+ Bxc6 25. bxc3 Bxa4 26. Bxa4 Ne4 27. c4 Nc5 28. Bc2 a5 29. Kd2 a4 30. Kc3 a3 31. Nd1 Kd6 32. Bb1 f5 33. Kb4 fxg4 34. hxg4 Ne4 35. Kxa3 Nd2 36. Bd3 Nf3 37. Kb4 Ne1 38. c5+ Kd5 39. Bb5 Nc2+ 40. Kc3 Nd4 41. Bc4+ Ke5 42. Ne3 Nc6 43. Bd3 Kf6 44. Kc4 Ke7 45. Kb5 Nd4+ 46. Kb6 Kd7 47. Be4 e5 48. c6+ Kc8 49. Nc4 Ne6 50. Nxe5 Nc7 51. Nf7 Na8+ 52. Kc5 Nc7 53. Nxh6 Ne6+ 54. Kd6 Nd4 55. Nf7 Nb5+ 56. Kc5 Nc7 57. Nxg5 Na6+ 58. Kd6 Nc7 59. Bf5+ Kb8 60. Ne6 Nb5+ 61. Kd7 Na7 62. c7+ Kb7 63. Be4+ Ka6 64. c8=Q+ Nxc8 65. Kxc8 Kb6 66. Kd7 Ka7 67. Ke7 Kb6 68. Kf6 Ka5 69. Ke5 Kb6 70. g5 Ka7 71. g6 Kb8 72. g7 Ka7 73. g8=Q Kb6 74. Qf7 Ka5 75. Qd7 Kb6 76. Qb7+ Ka5 77. Bd3 Ka4 78. Bc4 Ka3 79. Qb3# 1-0


[Site "https://www.chess.com"]

[Event "Titled Tuesday Blitz July 4 Late 2023"]
[White "Lazavik, Denis"]
[Black "Carlsen, Magnus"]
[WhiteFideId "13515110"]
[BlackFideId "1503014"]
[WhiteElo "3058"]
[BlackElo "3258"]
[Result "0-1"]
[Round "6"]
[TimeControl "180+2"]
[Date "2023.07.04"]
[WhiteClock "0:00:01"]
[BlackClock "0:00:05"]
[Board "1"]

1. d4 a6 2. e4 c6 3. Nf3 d5 4. exd5 cxd5 5. Bd3 Bg4 6. c3 Nc6 7. Bf4 e6 8. Nbd2 Bd6 9. Bxd6 Qxd6 10. O-O Nge7 11. Re1 f6 12. h3 Bh5 13. Qb3 O-O 14. c4 Bf7 15. cxd5 Nxd5 16. Ne4 Qb4 17. Nc5 Qxb3 18. axb3 Ndb4 19. Be4 Rfb8 20. Rac1 Nd5 21. Bd3 Nd8 22. Bc4 Rc8 23. Rcd1 Rc6 24. Bxd5 exd5 25. Re7 b6 26. Nd3 Kf8 27. Re2 Rac8 28. Nb4 Rc1 29. Rxc1 Rxc1+ 30. Re1 Rxe1+ 31. Nxe1 a5 32. Na2 Nc6 33. Nf3 Bg6 34. Nc3 Be4 35. Nb5 Ke7 36. Ne1 Bb1 37. Nc3 Bg6 38. Nxd5+ Kd8 39. Nxb6 Nxd4 40. Nc4 Nxb3 41. Nf3 Kc7 42. Nfd2 Nxd2 43. Nxd2 Kc6 44. Kf1 Kc5 45. Ke1 Bf7 46. Kd1 Bd5 47. g3 Kd4 48. h4 g5 49. Ke2 a4 50. f3 gxh4 51. g4 h3 0-1


[Site "https://www.chess.com"]

[Event "Titled Tuesday Blitz July 4 Late 2023"]
[White "Bortnyk, Olexandr"]
[Black "Caruana, Fabiano"]
[WhiteFideId "14120828"]
[BlackFideId "2020009"]
[WhiteElo "3040"]
[BlackElo "3110"]
[Result "0-1"]
[Round "6"]
[TimeControl "180+2"]
[Date "2023.07.04"]
[WhiteClock "0:00:02"]
[BlackClock "0:01:22"]
[Board "2"]

1. d4 d5 2. Nc3 Bf5 3. Bf4 e6 4. e3 Nf6 5. Nf3 Bd6 6. Ne5 Nbd7 7. Bd3 Bxd3 8. cxd3 O-O 9. Rc1 Qe7 10. O-O c6 11. e4 Bb4 12. Qf3 Nxe5 13. dxe5 Nd7 14. Ne2 dxe4 15. Qxe4 Ba5 16. Ng3 Rfd8 17. Be3 Bb6 18. d4 Nf8 19. h4 h6 20. Qg4 Ng6 21. h5 Qh4 22. Qxh4 Nxh4 23. Rc4 Rd5 24. Rb4 Rad8 25. Kh2 R8d7 26. Kh3 Nf5 27. Nxf5 exf5 28. Rd1 c5 29. Rb5 cxd4 30. Rxd5 Rxd5 31. f4 dxe3 0-1


[Site "https://www.chess.com"]

[Event "Titled Tuesday Blitz July 4 Late 2023"]
[White "Mamedov, Rauf"]
[Black "Martinez Alcantara, Jose Eduardo"]
[WhiteFideId "13401653"]
[BlackFideId "3805662"]
[WhiteElo "3061"]
[BlackElo "3028"]
[Result "1/2-1/2"]
[Round "6"]
[TimeControl "180+2"]
[Date "2023.07.04"]
[WhiteClock "0:00:05"]
[BlackClock "0:00:07"]
[Board "3"]

1. e4 e5 2. Nf3 Nf6 3. Nxe5 d6 4. Nf3 Nxe4 5. d4 Be7 6. Bd3 Nf6 7. O-O O-O 8. Re1 Nbd7 9. c3 b6 10. Nbd2 Bb7 11. Nf1 Re8 12. Ng3 Bf8 13. Be3 g6 14. a4 a6 15. h3 Bg7 16. Nh2 c5 17. Ng4 Nxg4 18. Qxg4 h5 19. Qf4 Nf6 20. Qh4 Nh7 21. Qf4 Nf6 22. Qh4 Nh7 23. Qxd8 Raxd8 24. dxc5 dxc5 25. Red1 Be5 26. Nf1 Rc8 27. Nd2 Nf6 28. Nc4 Bc7 29. Bf1 Nd5 30. Bg5 Kg7 31. Ne3 Nf6 32. Nc4 Nd5 33. g3 Nf6 34. a5 b5 35. Nb6 Rcd8 36. Bxf6+ Kxf6 37. Nd7+ Kg7 38. Nxc5 Bc8 39. Rxd8 Rxd8 40. b4 h4 41. g4 f5 42. gxf5 gxf5 43. Be2 Kf6 44. Kf1 Be5 45. Rc1 Rd2 46. Bf3 Bd6 47. Rd1 Rxd1+ 48. Bxd1 Bxc5 49. bxc5 Bb7 50. Ke2 Ke5 51. Kd2 Be4 52. Bb3 Bd5 53. Bc2 f4 54. Bd3 Be6 55. Be2 Kd5 56. Bf3+ Kxc5 57. Bb7 Bd7 58. Bxa6 b4 59. cxb4+ Kxb4 60. Kd3 Bxh3 61. Ke4 Kxa5 62. Kxf4 Kxa6 63. Kg5 Bg2 64. Kxh4 Bb7 65. f3 Kb5 66. Kg5 Bd5 67. Kf4 Kc4 68. Ke5 Bxf3 1/2-1/2


[Site "https://www.chess.com"]

[Event "Titled Tuesday Blitz July 4 Late 2023"]
[White "Bluebaum, Matthias"]
[Black "Nakamura, Hikaru"]
[WhiteFideId "24651516"]
[BlackFideId "2016192"]
[WhiteElo "3032"]
[BlackElo "3182"]
[Result "1-0"]
[Round "6"]
[TimeControl "180+2"]
[Date "2023.07.04"]
[WhiteClock "0:00:33"]
[BlackClock "0:00:16"]
[Board "4"]

1. d4 Nf6 2. c4 b6 3. Nc3 Bb7 4. Qc2 d5 5. cxd5 Nxd5 6. Nf3 e6 7. e4 Nxc3 8. bxc3 Be7 9. Be3 O-O 10. Bd3 c5 11. Rd1 cxd4 12. cxd4 Nc6 13. Qe2 Bb4+ 14. Kf1 Be7 15. h4 Nb4 16. d5 exd5 17. exd5 Nxd3 18. Qxd3 Qd7 19. Ng5 f5 20. Bf4 Qa4 21. Qf3 Rad8 22. Kg1 Qc4 23. Qe3 Bc5 24. Qe6+ Kh8 25. Be5 Bxd5 26. Qh6 Bxf2+ 27. Kxf2 Qc2+ 28. Ke1 1-0


[Site "https://www.chess.com"]

[Event "Titled Tuesday Blitz July 4 Late 2023"]
[White "Indjic, Aleksandar"]
[Black "Erigaisi Arjun"]
[WhiteFideId "911925"]
[BlackFideId "35009192"]
[WhiteElo "2971"]
[BlackElo "3150"]
[Result "0-1"]
[Round "6"]
[TimeControl "180+2"]
[Date "2023.07.04"]
[WhiteClock "0:00:00"]
[BlackClock "0:00:04"]
[Board "5"]

1. e4 d6 2. d4 g6 3. Nc3 Bg7 4. f4 a6 5. Nf3 b5 6. Be3 Nd7 7. Ne2 Ngf6 8. Ng3 Bb7 9. Bd3 h5 10. Ng5 h4 11. Nf1 h3 12. g4 c5 13. c3 cxd4 14. cxd4 Rh4 15. Rg1 Qa5+ 16. Nd2 Rc8 17. Kf2 Qb4 18. Rb1 Qa4 19. Qb3 Qxb3 20. Nxb3 Rxg4 21. Na5 Ba8 22. d5 Nc5 23. Bxc5 dxc5 24. Rxg4 Nxg4+ 25. Kg3 Nf6 26. Kxh3 c4 27. Bc2 Nh5 28. Kg4 Bh6 29. h4 Kd7 30. Rf1 Rf8 31. b3 c3 32. b4 Kd6 33. Bb3 f5+ 34. exf5 Nf6+ 35. Kh3 gxf5 36. Rd1 Ne4 37. Kg2 Nd2 38. Kf2 Nxb3 39. Nxb3 Bxd5 40. Nc5 e5 41. fxe5+ Kc6 42. Rc1 Bxa2 43. Rxc3 Bc4 44. Kf3 Re8 45. Kf4 Bg7 46. Nf3 Kd5 47. Re3 a5 48. Nd7 axb4 49. Ng5 b3 50. Re1 Kc6 51. Rd1 b2 52. Nf6 Ra8 53. Rb1 Ra2 54. Kxf5 Bd3+ 55. Ke6 Bxb1 56. Nf3 Bd3 57. Nd4+ Kb7 0-1


[Site "https://www.chess.com"]

[Event "Titled Tuesday Blitz July 4 Late 2023"]
[White "Andreikin, Dmitry"]
[Black "Nihal Sarin"]
[WhiteFideId "4158814"]
[BlackFideId "25092340"]
[WhiteElo "2970"]
[BlackElo "3128"]
[Result "1-0"]
[Round "6"]
[TimeControl "180+2"]
[Date "2023.07.04"]
[WhiteClock "0:00:09"]
[BlackClock "0:00:03"]
[Board "6"]

1. e4 e5 2. Nf3 Nc6 3. Bc4 Bc5 4. c3 Nf6 5. d3 O-O 6. Nbd2 d6 7. a4 a5 8. O-O h6 9. Re1 Be6 10. h3 Ba7 11. Bxe6 fxe6 12. Qb3 Qd7 13. Nf1 Nh5 14. N1h2 Bb6 15. Be3 Bxe3 16. Rxe3 Nf4 17. Rd1 Kh8 18. h4 b6 19. g3 Nh5 20. Kg2 Rf6 21. Qb5 Rf7 22. d4 exd4 23. cxd4 Nf6 24. Rc1 Nb4 25. Qxd7 Rxd7 26. e5 Nfd5 27. Re2 Re8 28. Ng4 Kg8 29. h5 Kf7 30. Nh4 Nd3 31. Rd1 N3b4 32. Ng6 Ne7 33. exd6 Rxd6 34. N4e5+ Kg8 35. Nc4 Rdd8 36. Rxe6 Nxg6 37. Rxe8+ Rxe8 38. hxg6 Re6 39. Ne5 Kf8 40. Rc1 c5 41. f4 cxd4 42. Rc8+ Re8 43. Nd7+ Ke7 44. Rxe8+ Kxe8 45. Nxb6 Ke7 46. Kf3 Kf6 47. Nc4 Nc6 48. Ke4 Kxg6 49. Kd5 Ne7+ 50. Ke4 Nc6 51. Ne5+ Nxe5 52. fxe5 Kf7 53. b4 axb4 54. a5 b3 55. Kd3 h5 56. a6 1-0


[Site "https://www.chess.com"]

[Event "Titled Tuesday Blitz July 4 Late 2023"]
[White "Halkias, Stelios"]
[Black "Paravyan, David"]
[WhiteFideId "4201809"]
[BlackFideId "4194985"]
[WhiteElo "2788"]
[BlackElo "2981"]
[Result "1/2-1/2"]
[Round "6"]
[TimeControl "180+2"]
[Date "2023.07.04"]
[WhiteClock "0:00:26"]
[BlackClock "0:00:49"]
[Board "7"]

1. Nf3 Nf6 2. c4 c5 3. Nc3 Nc6 4. e3 e6 5. d4 d5 6. cxd5 exd5 7. Bb5 cxd4 8. Nxd4 Bd7 9. O-O Bd6 10. e4 dxe4 11. Nxc6 Bxc6 12. Bxc6+ bxc6 13. Qa4 O-O 14. Nxe4 Re8 15. Ng3 Qb6 16. b3 Qb5 17. Qh4 Bxg3 18. hxg3 Re4 19. Qg5 h6 20. Qxb5 cxb5 21. Rd1 a5 22. Bf4 a4 23. Rab1 axb3 24. axb3 Ra2 25. Rd2 Rxd2 26. Bxd2 Re2 27. Be3 Nd5 28. Bc5 Rc2 29. b4 Rc4 30. f3 h5 31. Kh2 Kh7 32. Bd6 Rc2 33. Re1 f6 34. Bf8 Kg8 35. Bd6 Kf7 36. Bc5 g5 37. Rd1 Ke6 38. Re1+ Kf5 39. Rd1 Ke6 40. Re1+ Kf7 41. Rd1 Nc3 42. Rd7+ Kg6 43. Rd6 Ne2 44. Rb6 h4 45. gxh4 gxh4 46. Be7 Kf7 47. Bxf6 1/2-1/2


[Site "https://www.chess.com"]

[Event "Titled Tuesday Blitz July 4 Late 2023"]
[White "Korobov, Anton"]
[Black "Grigoriants, Sergey"]
[WhiteFideId "14105730"]
[BlackFideId "4130804"]
[WhiteElo "3015"]
[BlackElo "2864"]
[Result "1-0"]
[Round "6"]
[TimeControl "180+2"]
[Date "2023.07.04"]
[WhiteClock "0:00:47"]
[BlackClock "0:00:00"]
[Board "8"]

1. c4 e5 2. d3 Nf6 3. Nf3 Bb4+ 4. Nbd2 d6 5. a3 Bxd2+ 6. Nxd2 O-O 7. e3 Ng4 8. h3 Nh6 9. Be2 Nc6 10. O-O Nf5 11. b4 Nh4 12. Kh2 f5 13. g3 Ng6 14. f4 Bd7 15. Bf3 Qe7 16. Bb2 Rae8 17. Qc2 Nd8 18. b5 b6 19. Rae1 Ne6 20. Nb1 Nc5 21. Nc3 Qd8 22. d4 Ne6 23. Nd5 e4 24. Bh5 Bc8 25. a4 Bb7 26. a5 bxa5 27. Ra1 Qb8 28. Rxa5 Bxd5 29. cxd5 Nd8 30. Rfa1 Re7 31. Be2 Qb7 32. Rxa7 Qc8 33. b6 1-0


[Site "https://www.chess.com"]

[Event "Titled Tuesday Blitz July 4 Late 2023"]
[White "Hamidi, Amir Mohammad"]
[Black "Tahbaz, Arash"]
[WhiteFideId "12563285"]
[BlackFideId "12528846"]
[WhiteElo "2800"]
[BlackElo "2995"]
[Result "1-0"]
[Round "6"]
[TimeControl "180+2"]
[Date "2023.07.04"]
[WhiteClock "0:00:16"]
[BlackClock "0:00:00"]
[Board "9"]

1. d4 Nf6 2. c4 g6 3. Nc3 Bg7 4. e4 d6 5. f3 O-O 6. Be3 Nc6 7. Qd2 a6 8. Rc1 e5 9. Nge2 exd4 10. Nxd4 Nh5 11. Be2 Nxd4 12. Bxd4 Bxd4 13. Qxd4 Qg5 14. O-O Bh3 15. Qf2 Nf4 16. Qg3 Qc5+ 17. Rf2 Nxe2+ 18. Nxe2 Be6 19. h4 a5 20. Kh2 Qe5 21. Nf4 a4 22. Rd2 Ra5 23. Nd5 Qxg3+ 24. Kxg3 Rc5 25. Rdc2 Bxd5 26. cxd5 b6 27. b4 axb3 28. axb3 f5 29. b4 Rxc2 30. Rxc2 fxe4 31. fxe4 Rf7 32. Re2 Re7 33. Kf4 Kf7 34. Ra2 Kf6 35. g4 h6 36. g5+ hxg5+ 37. hxg5+ Kg7 38. Ra8 Rf7+ 39. Ke3 Re7 40. Rc8 Kf7 41. Kd4 Kg7 42. Ra8 Rf7 43. Ra2 Rf1 44. Rc2 Rf7 45. Rc3 Re7 46. Rf3 Rd7 47. b5 Re7 48. Rf6 Rd7 49. e5 dxe5+ 50. Kxe5 Re7+ 51. Re6 Rf7 52. Kd4 Rd7 53. d6 cxd6 54. Kd5 Rf7 55. Kxd6 Rf5 56. Re5 Rf4 57. Kc6 Rf5 58. Rd5 Kf7 59. Kd6 Kf8 60. Rxf5+ gxf5 61. Ke5 Kg7 62. Kxf5 Kf7 63. Ke5 Kg7 64. Kd6 1-0


[Site "https://www.chess.com"]

[Event "Titled Tuesday Blitz July 4 Late 2023"]
[White "Kamsky, Gata"]
[Black "Tristan, Leonardo"]
[WhiteFideId "2000024"]
[BlackFideId "113816"]
[WhiteElo "2993"]
[BlackElo "2782"]
[Result "1-0"]
[Round "6"]
[TimeControl "180+2"]
[Date "2023.07.04"]
[WhiteClock "0:00:35"]
[BlackClock "0:00:00"]
[Board "10"]

1. d4 d5 2. Bf4 Nf6 3. e3 c5 4. c3 Nc6 5. Nd2 Bf5 6. Qb3 Qd7 7. Ngf3 c4 8. Qd1 e6 9. Be2 h6 10. O-O Bd6 11. Bxd6 Qxd6 12. b3 cxb3 13. Qxb3 O-O 14. c4 dxc4 15. Nxc4 Qb4 16. Qxb4 Nxb4 17. Nd6 b6 18. Nxf5 exf5 19. a3 Nbd5 20. Rfc1 Rac8 21. Ba6 Rc7 22. Rxc7 Nxc7 23. Bd3 g6 24. Rc1 Ncd5 25. Ne5 Kg7 26. g3 Rb8 27. a4 h5 28. Kg2 Rb7 29. h4 Ne4 30. Rc8 Rc7 31. Rxc7 Nxc7 32. Nc6 a6 33. Nb8 b5 34. axb5 axb5 35. Nc6 Kf6 36. f3 Nc3 37. e4 fxe4 38. fxe4 Ke6 39. Kf3 Kd6 40. Ne5 Ke6 41. Nc6 Kd6 42. Nb4 Na4 43. e5+ Ke6 44. Bc2 Nc3 45. Bb3+ Kd7 46. d5 Na4 47. d6 Ne6 48. Bd5 Nc3 49. Bc6+ Kd8 50. Ke3 Kc8 51. Kd3 Nd1 52. Bxb5 Nf2+ 53. Ke3 Ng4+ 54. Ke4 Nf2+ 55. Kd5 Ng4 56. Nc6 Ne3+ 57. Ke4 Nf5 58. Ne7+ Kd8 59. Nxf5 gxf5+ 60. Ke3 Kc8 61. Be2 Ng7 62. Kf4 Kd7 63. Kg5 Ke6 64. Bc4+ Kxe5 65. d7 f6+ 66. Kg6 1-0


[Site "https://www.chess.com"]

[Event "Titled Tuesday Blitz July 4 Late 2023"]
[White "Hambleton, Aman"]
[Black "Deac, Bogdan-Daniel"]
[WhiteFideId "2606577"]
[BlackFideId "1226380"]
[WhiteElo "2800"]
[BlackElo "2990"]
[Result "0-1"]
[Round "6"]
[TimeControl "180+2"]
[Date "2023.07.04"]
[WhiteClock "0:00:00"]
[BlackClock "0:02:24"]
[Board "11"]

1. d4 b5 2. e4 Bb7 3. Bxb5 Bxe4 4. Nf3 c6 5. Be2 e6 6. O-O Nf6 7. c4 Bxf3 8. Bxf3 d5 9. Qc2 Be7 10. Nc3 O-O 11. Na4 Nbd7 12. Be3 Nb6 13. c5 Nxa4 14. Qxa4 Qd7 15. Qa6 Rfb8 16. Rfb1 Ne8 17. Bf4 Nc7 18. Bxc7 Qxc7 19. b4 Bf6 20. Qd3 Qf4 0-1


[Site "https://www.chess.com"]